 Dungeon Crawl Stone Soup version 0.32-a0-960-g3814254bd7 (webtiles) character file.

Game seed: 2133637632154342650

1810 trashops the Cleaver (level 8, -9/70 HPs)
             Began as a Mountain Dwarf Fighter on Apr 17, 2024.
             Succumbed to scorpion's concentrated venom
             ... on level 8 of the Dungeon.
             The game lasted 00:08:43 (5884 turns).

trashops the Cleaver (Mountain Dwarf Fighter)       Turns: 5884, Time: 00:08:44

Health: -9/70      AC: 14    Str: 21    XL:     8   Next: 84%
Magic:  0/8        EV:  5    Int:  9    God:
Gold:   72         SH:  4    Dex:  9    Spells: 7/7 levels left

rFire   . . .        a - +1 war axe
rCold   . . .        c - +0 buckler
rNeg    + . .        p - +0 plate armour
rPois   .            (no helmet)
rElec   .            (no cloak)
rCorr   .            u - +0 pair of gloves
SInv    .            (no boots)
Will    .....        o - amulet of guardian spirit Stlth
                     i - ring of positive energy
HPRegen 0.31/turn    (no ring)
MPRegen 0.11/turn

%: guardian spirit
@: lethally poisoned (-9 -> -42), slowed, very slow
A: runic magic, artefact enchanting
a: no special abilities


You were on level 8 of the Dungeon.
You visited 2 branches of the dungeon, and saw 9 of its levels.

You collected 222 gold pieces.
You spent 150 gold pieces at shops.

Inventory:

Hand Weapons
 a - a +1 war axe (weapon)
Armour
 b - a +0 scale mail
 c - a +0 buckler (worn)
 p - a +0 plate armour (worn)
 u - a +0 pair of gloves (worn)
Jewellery
 i - a ring of positive energy (left hand)
 o - an amulet of guardian spirit (around neck)
 q - a +6 ring of intelligence
Wands
 j - a wand of paralysis (3)
 k - a wand of warping (5)
Scrolls
 e - a scroll of identify
 h - 7 scrolls of teleportation
 n - 2 scrolls of noise
 r - a scroll of revelation
 t - a scroll of blinking
Potions
 d - 3 potions of might
 f - a potion of brilliance
 g - a potion of cancellation {unknown}
 l - 2 potions of mutation


   Skills:
 * Level 6.1 Fighting
 * Level 10.0 Axes
 * Level 7.3 Armour
 + Level 4.4 Shields


You had 7 spell levels left.
You didn't know any spells.
Your spell library contained the following spells:

 Spells                   Type           Power      Damage    Failure   Level
 Sandblast                Erth           0%         2d4       71%         1
 Blink                    Tloc           0%         N/A       83%         2
 Lesser Beckoning         Tloc           0%         N/A       83%         2
 Momentum Strike          Conj/Tloc      0%         3d8       83%         2
 Maxwell's Portable Pile  Tloc           0%         2d(5-13)  97%         3
 Passwall                 Erth           0%         N/A       97%         3
 Sigil of Binding         Hex            0%         N/A       97%         3
 Stone Arrow              Conj/Erth      0%         3d7       97%         3
 Teleport Other           Tloc           0%         N/A       97%         3
 Iskenderun's Mystic Bla Conj/Tloc 0%             2d3        (+2d1     100%        4
 Haunt                    Necr/Summ      0%         N/A       100%        7
 Borgnjor's Revivificati  Necr           0%         N/A       100%        8
 Death's Door             Necr           0%         N/A       100%        9


Dungeon Overview and Level Annotations

Branches:
Dungeon (8/15)             Temple (1/1) D:6
   Lair: D:8-11

Altars:
Ashenzari
Cheibriados
Dithmenos
Elyvilon
Fedhas
Gozag
Hepliaklqana
Kikubaaqudgha
Makhleb
Nemelex Xobeh
Qazlal
Ru
Sif Muna
Vehumet
Wu Jian
Yredelemnul
Zin
The Shining One

Shops:
D:4 ?

Annotations:
D:7 Joseph, Pikel
D:8 Amaemon


Innate Abilities, Weirdness & Mutations

Your spellcasting is much less encumbered by armour.
You can use scrolls of enchantment on lesser artefacts.


Message History

The scorpion attacks as it pursues you!
The scorpion stings you but does no damage.
The orange demon attacks as it pursues you!
The orange demon stings you from afar.
You are more poisoned.
You have difficulty breathing.
You feel as though you will be slow longer.
The scorpion stings you but does no damage.
You feel extremely sick. The scorpion stings you.
The orange demon barely misses you.
You feel extremely sick. The scorpion attacks as it pursues you!
The scorpion stings you but does no damage.
The orange demon attacks as it pursues you!
The orange demon stings you but does no damage.
The scorpion stings you.
* * * LOW HITPOINT WARNING * * *
There is an open door here.
* * * LOW HITPOINT WARNING * * *
You feel very sick.
The orange demon attacks as it pursues you!
You block the orange demon's attack. The scorpion barely misses you.
You feel very sick.
The scorpion stings you but does no damage.
You feel very sick.
The scorpion stings you but does no damage.
You feel sick. The scorpion attacks as it pursues you! The scorpion stings you.
* * * LOW HITPOINT WARNING * * *
The scorpion stings you.
* * * LOW HITPOINT WARNING * * *
* * * LOW HITPOINT WARNING * * *
You feel sick. The scorpion attacks as it pursues you!
The scorpion stings you but does no damage. x2
You feel sick. The scorpion stings you.
* * * LOW HITPOINT WARNING * * *
You are lethally poisoned!
You have difficulty breathing.
* * * LOW HITPOINT WARNING * * *
You feel as though you will be slow longer.
You die...

#..######### #...###6##.. ##.#
#########...# #.# # #.#
#.......#...# #4# #.#
#.#####.#...# #.#
###.##########.#$$[#.#...###.#
#<.............#?>$#h'...s...#
##)###########.#?/$#.#...#####
#.# #.#####4#...# #.#
#..@.s6.##### #(# #########
#.# #.. #.. #..


You could see Amaemon, an orange demon (curare), a black bear and a scorpion
(summoned, curare).

Vanquished Creatures
  A wyvern (D:8)
  2 yaks (D:7)
  Menkaure (D:7)
  An ice beast (D:7)
  An ogre (D:6)
  A sky beast (D:7)
  A centaur (D:7)
  A lemure (D:7)
  A phantom (D:7)
  3 scorpions
  A gnoll sergeant (D:8)
  2 howler monkeys
  A jelly (D:7)
  2 orc priests
  3 hounds
  An iguana (D:5)
  A sleepcap (D:4)
  Jessica (D:3)
  3 orc wizards
  9 adders
  A white imp (D:6)
  4 dart slugs
  3 ribbon worms
  11 orcs
  5 endoplasms
  4 giant cockroaches
  5 goblins
  10 hobgoblins
  9 jackals
  2 quokkas
  5 ball pythons
  2 bats (D:2)
  7 frilled lizards
  8 kobolds
  4 rats
117 creatures vanquished.

Vanquished Creatures (others)
  An adder (D:2)
1 creature vanquished.

Grand Total: 118 creatures vanquished

Notes
Turn   | Place    | Note
-------+----------+-------------------------------------------
     0 | D:1      | trashops the Mountain Dwarf Fighter began the quest for the
                  | Orb.
     0 | D:1      | Reached XP level 1. HP: 19/19 MP: 1/1
   122 | D:1      | Reached XP level 2. HP: 13/26 MP: 2/2
   541 | D:1      | Reached skill level 3 in Axes
   804 | D:2      | Reached XP level 3. HP: 30/33 MP: 3/3
  1129 | D:2      | Reached skill level 4 in Axes
  1129 | D:2      | Reached XP level 4. HP: 36/40 MP: 4/4
  1410 | D:2      | Found a faded altar of an unknown god.
  1720 | D:3      | Reached XP level 5. HP: 46/46 MP: 5/5
  1724 | D:3      | Reached skill level 5 in Axes
  1883 | D:3      | Noticed Jessica
  1894 | D:3      | Killed Jessica
  2715 | D:4      | Reached XP level 6. HP: 52/52 MP: 6/6
  2833 | D:4      | Reached skill level 6 in Axes
  3027 | D:4      | Found The Oracle's Delphic Readings.
  3033 | D:4      | Bought a scroll of revelation for 90 gold pieces
  3033 | D:4      | Bought a scroll of identify for 24 gold pieces
  3033 | D:4      | Bought a scroll of teleportation for 36 gold pieces
  3078 | D:4      | Got Sif Muna's Excursus on the Hindering Barrage
  3324 | D:5      | Entered Level 5 of the Dungeon
  3558 | D:5      | Reached skill level 5 in Armour
  3558 | D:5      | Reached XP level 7. HP: 42/60 MP: 7/7
  3668 | D:5      | Reached skill level 7 in Axes
  3693 | D:5      | Found a shimmering blue altar of Sif Muna.
  4172 | D:5      | Found a glowing golden altar of the Shining One.
  4191 | D:5      | Found a snail-covered altar of Cheibriados.
  4197 | D:5      | Found a white marble altar of Elyvilon.
  4200 | D:5      | Found a basalt altar of Yredelemnul.
  4284 | D:5      | Found an ornate altar of the Wu Jian Council.
  4419 | D:6      | Reached skill level 5 in Fighting
  4573 | D:6      | Found a staircase to the Ecumenical Temple.
  4581 | Temple   | Entered the Ecumenical Temple
  5024 | D:7      | Reached skill level 8 in Axes
  5027 | D:7      | Noticed Menkaure
  5039 | D:7      | Killed Menkaure
  5040 | D:7      | Reached XP level 8. HP: 11/68 MP: 1/8
  5281 | D:7      | Noticed Pikel
  5317 | D:7      | Reached skill level 9 in Axes
  5601 | D:7      | Identified the +0 ring mail of Repulsion {*Corrode Int+7}
  5697 | D:7      | Noticed Joseph
  5739 | D:8      | Reached skill level 10 in Axes
  5862 | D:8      | Noticed Amaemon
  5862 | D:8      | Noticed an orange demon
  5883 | D:8      | HP: 3/70 [poisoned by orange demon (concentrated venom)]
  5883 | D:8      | HP: 1/70 [asphyx]
  5884 | D:8      | Succumbed to scorpion's concentrated venom

Illustrated notes

Levels and vault maps discovered:
D:1:      matt_arrival_grand_opening, layout_basic
D:2:      layout_basic, dreamdust_ecumenical_altar_statues, hex_large,
          minmay_tripent
D:3:      layout_basic, uniq_jessica
D:4:      layout_cave_pods, nicolae_nh_oracle_at_delphi
D:5:      layout_rooms, mainiacjoe_overflow_paths,
          minmay_overflow_temple_star_hex, minmay_fountain_box,
          minmay_misc_feat_ornament
D:6:      layout_basic, minmay_temple_entry_arrows
D:7:      kennysheep_housing_project, layout_basic, serial_glass,
          glass_columns_a, glass_columns_b, glass_columns_a, glass_columns_b,
          glass_columns_a, glass_columns_b, ebering_ghost_disaster_area,
          uniq_menkaure, uniq_joseph, uniq_jeremiah, uniq_pikel
D:8:      layout_basic, ebering_ghost_funeral_grove, enter_bailey_2,
          nicolae_blasting_shop, nicolae_straight_to_the_point, uniq_maggie,
          uniq_amaemon
Temple:   nicolae_temple_no_exploring_needed

Skill      XL: |  1  2  3  4  5  6  7  8 |
---------------+-------------------------+-----
Axes           | 3 4 5 6 8 10 | 10.0
Armour         | 4 5 6 7 |  7.3
Fighting       | 4 5 6 |  6.1
Shields        | 4 |  4.4

Action                     |  1- 3 |  4- 6 |  7- 9 || total
---------------------------+-------+-------+-------++-------
  Melee: War axe           |   109 |   172 |   140 ||   421
    Use: Scroll            |       |     3 |     4 ||     7
         Potion            |       |     1 |     6 ||     7
 Armour: Scale mail        |    83 |    57 |       ||   140
         Plate armour      |       |   103 |   182 ||   285
  Dodge: Dodged            |    57 |    59 |    40 ||   156
  Block: Buckler           |    21 |    32 |    33 ||    86

Table legend: (Time is in decaauts)
 A = Elapsed time spent in this place.
 B = Non-inter-level travel time spent in this place.
 C = Inter-level travel time spent in this place.
 D = Time resting spent in this place.
 E = Time spent auto-exploring this place.
 F = Levels seen in this place.
 G = Mean time per level.
                   A        B        C        D        E       F      G
               +--------+--------+--------+--------+--------+-----+--------+
         Total |   5997 |   5751 |    246 |    883 |   3585 |   9 |  666.3 |
       Dungeon |   5996 |   5750 |    246 |    883 |   3585 |   8 |  749.5 |
        Temple |      1 |      1 |      0 |      0 |      0 |   1 |    1.0 |
               +--------+--------+--------+--------+--------+-----+--------+

Top non-repeatable levels by time:
     D:5: 1039 daAuts
     D:2: 924 daAuts
     D:6: 873 daAuts
     D:4: 866 daAuts
     D:1: 810 daAuts
     D:3: 802 daAuts
     D:7: 513 daAuts
     D:8: 166 daAuts
  Temple: 1 daAuts
